 Dungeon Crawl Stone Soup version 0.31-a0-202-g547052bce9 (webtiles) character file.

Game seed: 11497944309771565945

32 qw the Shooter (level 3, -2/20 HPs)
             Began as a Deep Elf Hunter on June 26, 2023.
             Slain by Terence
             ... wielding a +0 falchion
              (5 damage)
             ... on level 2 of the Dungeon.
             The game lasted 00:00:22 (842 turns).

qw the Shooter (Deep Elf Hunter)                     Turns: 842, Time: 00:00:23

Health: -2/20      AC:  6    Str: 10    XL:     3   Next: 10%
Magic:  5/5        EV:  9    Int: 13    God:
Gold:   46         SH:  0    Dex: 18    Spells: 2/2 levels left

rFire   . . .        Y - +1 shortbow
rCold   + . .        (shield currently unavailable)
rNeg    . . .        d - +0 scale mail
rPois   .            (no helmet)
rElec   .            (no cloak)
rCorr   .            (no gloves)
SInv    .            (no boots)
Will    .....        (no amulet)
Stlth   +            f - ring of protection from cold
HPRegen 0.23/turn    (no ring)
MPRegen 0.09/turn

%: no passive effects
@: no status effects
A: no striking features
a: no special abilities


You were on level 2 of the Dungeon.
You visited 1 branch of the dungeon, and saw 2 of its levels.

You collected 46 gold pieces.


   Skills:
 - Level 1.5 Fighting
 + Level 6.7 Ranged Weapons
 - Level 2.4 Dodging
 - Level 1.2 Stealth


You had 2 spell levels left.
You didn't know any spells.
Your spell library was empty.

Inventory:

Hand Weapons
 Y - a +1 shortbow (weapon)
Armour
 d - a +0 scale mail (worn)
Jewellery
 f - a ring of protection from cold (left hand)
Potions
 e - a potion of heal wounds {unknown}
 h - a potion of might
 k - a potion of ambrosia {unknown}
 l - a potion of haste {unknown}
 m - a potion of mutation {unknown}

Dungeon Overview and Level Annotations

Branches:
Dungeon (2/15)

Altars:

Shops:
D:1 ?

Annotations:
D:2 Terence


Message History

HP restored.
An endoplasm comes into view.
You shoot an arrow. The arrow barely misses the endoplasm.
You shoot an arrow. The arrow hits the endoplasm.
The endoplasm is almost dead.
The endoplasm jiggles.
You shoot an arrow. The arrow hits the endoplasm.
You kill the endoplasm!
A hobgoblin comes into view.
The hobgoblin shouts!
You shoot an arrow. The arrow hits the hobgoblin.
You kill the hobgoblin!
You hear a shout! x2
A goblin and an endoplasm come into view.
Found a short sword.
The goblin shouts!
The endoplasm quivers.
Terence the Incautious comes into view.
He is wielding a +0 falchion.
You shoot an arrow. The arrow closely misses Terence.
You shoot an arrow. The arrow hits the endoplasm.
You kill the endoplasm!
Terence barely misses you.
You shoot an arrow.
The arrow hits Terence but does no damage.
Terence hits you with a +0 falchion.
You shoot an arrow. The arrow hits Terence.
Terence is moderately wounded.
Terence hits you but does no damage. x2
You shoot an arrow. The arrow barely misses Terence.
Terence hits you with a +0 falchion.
You shoot an arrow. The arrow closely misses Terence.
Terence barely misses you.
You shoot an arrow. The arrow closely misses Terence.
Terence hits you with a +0 falchion.
You shoot an arrow. The arrow hits Terence!
Terence is severely wounded.
Terence hits you with a +0 falchion. Terence hits you with a +0 falchion!
You shoot an arrow. The arrow closely misses Terence.
Terence hits you with a +0 falchion.
You die...

#.#.# #.#
#.#^# #.#
#.# #.#
... #.#
#.# #.#
#.# #.#
#@# #.g@.#
....)...#
##..%....
.........
##.......#
###...###
#...


You could see Terence and a goblin.

Vanquished Creatures
  A dart slug (D:1)
  2 ball pythons (D:2)
  3 endoplasms
  2 giant cockroaches (D:1)
  2 goblins (D:1)
  2 hobgoblins
  4 quokkas
  3 bats (D:1)
  4 frilled lizards (D:1)
  3 kobolds (D:1)
  A rat (D:1)
27 creatures vanquished.

Notes
Turn   | Place    | Note
-------+----------+-------------------------------------------
     0 | D:1      | qw the Deep Elf Hunter began the quest for the Orb.
     0 | D:1      | Reached XP level 1. HP: 12/12 MP: 3/3
     0 | D:1      | 0 ||| qw: Version: 0.3-a-22-g0ed2b0b
     0 | D:1      | 0 ||| qw: Game counter: 6344
     0 | D:1      | 0 ||| qw: Melee chars always use a shield: true
     0 | D:1      | 0 ||| qw: God list: Okawaru
     0 | D:1      | 0 ||| qw: Allow faded altars: false
     0 | D:1      | 0 ||| qw: Do Orc after clearing Dungeon:15 true
     0 | D:1      | 0 ||| qw: Do second Lair branch before Depths: true
     0 | D:1      | 0 ||| qw: Lair rune preference: random
     0 | D:1      | 0 ||| qw: Goals: Normal
     0 | D:1      | 0 ||| PLANNING D:1-11
   184 | D:1      | Reached XP level 2. HP: 16/16 MP: 4/4
   191 | D:1      | Reached skill level 6 in Ranged Weapons
   238 | D:1      | Found Jauhuus's Magic Scroll Boutique.
   253 | D:1      | 253 ||| SHOPLISTING scroll of enchant weapon (82 gold, have
                  | 0).
   253 | D:1      | 253 ||| SHOPLISTING scroll of identify (22 gold, have 0).
   680 | D:1      | 680 ||| UPGRADING to +0 scale mail.
   690 | D:1      | 690 ||| DROPPING +0 leather armour.
   691 | D:1      | 691 ||| UPGRADING to ring of protection from cold.
   692 | D:1      | 692 ||| READING scroll labelled KASYOMAWOR.
   693 | D:1      | 693 ||| READING scroll labelled LAPSUO XITYTZ.
   694 | D:1      | 694 ||| READING scroll labelled MOOQ MELEE.
   695 | D:1      | 695 ||| DRINKING 2 bubbling puce potions.
   696 | D:1      | 696 ||| DROPPING scroll of butterflies.
   740 | D:2      | 740 ||| STAIRDANCE
   770 | D:2      | 770 ||| STAIRDANCE
   797 | D:2      | Reached XP level 3. HP: 18/20 MP: 5/5
   833 | D:2      | Noticed Terence
   841 | D:2      | HP: 3/20 [Terence/+0 falchion (7)]
   842 | D:2      | Slain by Terence

Levels and vault maps discovered:
D:1:      dpeg_arrival_central, layout_basic, serial_shops,
          nicolae_shop_tiny_glass, minmay_misc_feat_columns, minivault_11
D:2:      layout_loops_ring, shapermc_ecumenical_altar_petra,
          minmay_pentomino_s2, uniq_terence

Skill      XL: |  1  2 |
---------------+-------+-----
Ranged Weapons | 6 |  6.7
Fighting       | |  1.5
Dodging        | |  2.4
Stealth        | |  1.2

Action                     || total
---------------------------++-------
   Fire: Shortbow          ||    81
    Use: Scroll            ||     3
         Potion            ||     1
 Armour: Leather armour    ||     3
         Scale mail        ||    17
  Dodge: Dodged            ||    27

Table legend:
 A = Non-vault XP
 B = Vault XP
 C = Vault XP percentage of total XP
 D = Non-vault monster count
 E = Vault monster count
 F = Vault count percentage of total count
                 A         B        C        D         E       F
            +---------+---------+-------+---------+---------+-------
      Total |      47 |       0 |   0.0 |      27 |       0 |   0.0
            +---------+---------+-------+---------+---------+-------
        D:1 |      35 |       0 |   0.0 |      21 |       0 |   0.0
        D:2 |      12 |       0 |   0.0 |       6 |       0 |   0.0
            +---------+---------+-------+---------+---------+-------
